 Dungeon Crawl Stone Soup version 0.25-a0-340-ga1faa1601d (webtiles) character file.

Game seed: 1931978668901143907, levelgen mode: classic

36274 Borgoz the Basher (level 13, -11/87 HPs)
             Began as a Gargoyle Fighter on Dec 29, 2019.
             Was a Priest of Ashenzari.
             Mangled by a catoblepas (19 damage)
             ... on level 6 of the Lair of Beasts.
             The game lasted 00:32:22 (17182 turns).

Borgoz the Basher (Gargoyle Fighter)               Turns: 17182, Time: 00:32:22

Health: -11/87     AC: 34    Str: 23    XL:     13   Next: 89%
Magic:  13/13      EV: 10    Int:  9    God:    Ashenzari [***...]
Gold:   1065       SH: 10    Dex: 15    Spells: 12/12 levels left

rFire    . . .     SeeInvis +   q - +2 morningstar (drain)
rCold    . . .     Gourm    .   c - +0 shield
rNeg     + . .     Faith    .   z - +1 plate armour {MR+}
rPois    ∞         Spirit   .   g - +0 helmet
rElec    +         Reflect  .   a - +2 cloak of Kuuttu {rCorr}
rCorr    +         Harm     .   (no gloves)
MR       +....                  n - +2 pair of boots
Stlth    ..........             (no amulet)
HPRegen  0.24/turn              E - +4 ring of dexterity
MPRegen  0.13/turn              (no ring)

@: no status effects
A: negative energy resistance 1, electricity resistance, unbreathing,
petrification resistance, rot immunity, AC +9
a: Curse Item, Scrying, Renounce Religion


You were on level 6 of the Lair of Beasts.
You worshipped Ashenzari.
Ashenzari was most pleased with you.
You were not hungry.

You visited 3 branches of the dungeon, and saw 17 of its levels.
You also visited: Sewer.

You collected 1065 gold pieces.

Inventory:

Hand Weapons
 q - a +2 morningstar of draining (weapon)
 x - a +0 dire flail of crushing
 C - a +5 mace of holy wrath
 F - a +2 great mace of protection
Armour
 a - the +2 cloak of Kuuttu (worn) {rCorr}
   (You found it on level 8 of the Dungeon)

   It provides partial protection from all sources of acid and corrosion.
 c - a +0 shield (worn)
 g - a +0 helmet (worn)
 n - a +2 pair of boots (worn)
 y - a +0 ring mail of cold resistance
 z - a +1 plate armour of magic resistance (worn)
Jewellery
 E - a +4 ring of dexterity (left hand)
Wands
 b - a wand of digging (5)
 e - a wand of disintegration (17)
 u - a wand of paralysis (2)
 D - a wand of polymorph (12)
Scrolls
 d - a scroll of brand weapon
 h - a scroll of magic mapping
 i - 2 scrolls of fog {unknown}
 j - a scroll of summoning {unknown}
 k - 3 scrolls of teleportation {unknown}
 m - 3 scrolls of enchant weapon
 o - 8 scrolls of remove curse
 r - a scroll of blinking
 s - a scroll of acquirement {unknown}
 v - a scroll of immolation {unknown}
 w - a scroll of fear {unknown}
 H - a scroll of identify
Potions
 l - 2 potions of mutation
 p - 4 potions of cancellation
 A - 8 potions of curing
 B - a potion of brilliance {unknown}
Comestibles
 f - 26 rations
 G - 15 chunks of flesh


   Skills:
 + Level 12.3 Fighting
 * Level 13.8 Maces & Flails
 + Level 12.4 Armour
 + Level 8.4 Dodging
 - Level 5.0 Shields


You had 12 spell levels left.
You didn't know any spells.
Your spell library contained the following spells:

 Spells                   Type           Power        Failure   Level  Hunger
 Corona                   Hex            #......      100%        1    ##.....
 Magic Dart               Conj           #...         100%        1    ##.....
 Searing Ray              Conj           #.....       100%        2    ###....
 Slow                     Hex            #.......     100%        2    ###....
 Dazzling Flash           Conj/Hex       #.....       100%        3    ####...
 Inner Flame              Hex/Fire       #.......     100%        3    ####...
 Portal Projectile        Hex/Tloc       #.....       100%        3    ####...
 Cause Fear               Hex            #.........   100%        4    #####..
 Fulminant Prism          Conj/Hex       #.........   100%        4    #####..
 Iskenderun's Mystic Bla  Conj/Tloc      #.......     100%        4    #####..
 Leda's Liquefaction      Hex/Erth       #.........   100%        4    #####..
 Irradiate                Conj/Tmut      #.........   100%        5    ######.
 Hydra Form               Tmut           #.........   100%        6    #######
 Dragon Form              Tmut           #.........   100%        7    #######
 Statue Form              Tmut/Erth      Unusable     N/A         6    N/A

Dungeon Overview and Level Annotations

Branches:
Dungeon (10/15)            Temple (1/1) D:4            Lair (6/6) D:8
 Shoals (0/4) Lair:3        Snake (0/4) Lair:3        Slime (0/5) Lair:5
    Orc (0/2) D:9           Sewer (visited)

Altars:
Ashenzari
Cheibriados
Dithmenos
Elyvilon
Fedhas
Gozag
Hepliaklqana
Kikubaaqudgha
Makhleb
Nemelex Xobeh
Okawaru
Qazlal
Ru
Sif Muna
Trog
Uskayaw
Vehumet
Wu Jian
Xom
Yredelemnul
Zin
The Shining One
Beogh

Annotations:
Lair:1 2 transporters, exclusion: 3 oklob plants, pk666's ghost, journeyman DEWz
Lair:4 2 transporters, EnegeticOcto's ghost, journeyman OgEE
Lair:5 exclusion: 2 oklob plants


Innate Abilities, Weirdness & Mutations

You are resistant to torment.
Your stone body is resilient. (AC +9)
You are immune to poison.
You resist negative energy. (rN+)
You are resistant to electric shocks. (rElec)
You can survive without breathing.
You are immune to petrification.
You are immune to rotting.


Message History

The death yak is engulfed in calcifying dust.
The catoblepas gores you but does no damage.
You puncture the catoblepas!
The catoblepas is heavily wounded.
The death yak is no longer petrified.
The death yak gores you.
* * * LOW HITPOINT WARNING * * *
You impale the death yak!!
You kill the death yak!
The catoblepas barely misses you.
You completely miss the death yak.
The catoblepas breathes a plume of calcifying dust at you.
The blast of calcifying dust hits you but does no damage.
The death yak closely misses you.
You sock the death yak!
The death yak is lightly wounded.
The catoblepas gores you!!
* * * LOW HITPOINT WARNING * * *
You block the death yak's attack.
You feel better. The catoblepas gores you!!
You die...

##.÷........P.
##.............
###..÷####.P.....
##...### ###.♣...
##...## * ##.÷.#
##....# ∆∆**
#..## #P...## , *
##.#, #.÷..# , ,
#.Y@## , ,
#..Y#,, , ,
#..##, 8 , *
##..# ∆,, * ,
#...#∆ ,* #P.P#,,
, #...# {, ,
#P.P# {, *,,
##.†# , *


You could see a death yak and a catoblepas.

Vanquished Creatures
  Rupert (Lair:5)
  3 hydras
  9 death yaks
  A two-headed ogre (D:8)
  A wizard (D:9)
  The ghost of Borgoz the Covered, a novice GrFi (D:6)
  2 merfolk sirens (Lair:3)
  5 spiny frogs
  6 black mambas
  Psyche (D:9)
  A rime drake (Lair:3)
  7 komodo dragons
  2 polar bears (Lair:6)
  2 trolls
  A queen bee (D:8)
  2 merfolk (Lair:3)
  3 slime creatures (Lair:5)
  A dream sheep (Lair:5)
  17 blink frogs
  4 hippogriffs
  24 yaks
  Sigmund (D:5)
  A wyvern (Lair:4)
  4 basilisks
  3 hungry ghosts
  Menkaure (D:7)
  A warg (D:9)
  3 nagas (Lair:3)
  5 porcupines
  6 water moccasins
  7 orc warriors
  2 sky beasts
  A black bear (D:8)
  5 ogres
  15 wolves
  3 centaurs
  8 crocodiles
  A big kobold (D:9)
  8 bullfrogs
  4 scorpions
  19 killer bees
  An electric eel (Lair:2)
  3 crimson imps
  3 centaur zombies
  A bullfrog zombie (D:6)
  2 centaur skeletons
  13 orc priests
  4 jellies
  A bullfrog skeleton (D:9)
  2 iguanas
  6 orc wizards
  4 worker ants
  Natasha (twice) (D:4)
  A killer bee zombie (D:5)
  2 hound zombies (D:6)
  2 worker ant zombies (D:6)
  11 adders
  3 gnolls (D:7)
  2 river rats (D:3)
  A shadow imp (D:7)
  An ooze (D:3)
  An adder skeleton (D:7)
  2 adder zombies (D:6)
  A worm (D:3)
  4 dart slugs
  2 leopard geckos
  40 orcs
  5 giant cockroaches
  14 goblins
  11 hobgoblins
  9 jackals
  3 quokkas
  3 bats (D:1)
  5 frilled lizards
  8 kobolds
  2 leopard gecko skeletons
  8 rats
  2 bushes (D:4)
377 creatures vanquished.

Vanquished Creatures (others)
  3 fungi
  3 plants
6 creatures vanquished.

Grand Total: 383 creatures vanquished

Notes
Turn   | Place    | Note
-------+----------+-------------------------------------------
     0 | D:1      | Borgoz the Gargoyle Fighter began the quest for the Orb.
     0 | D:1      | Reached XP level 1. HP: 14/14 MP: 1/1
   225 | D:1      | Reached XP level 2. HP: 18/19 MP: 2/2
   725 | D:1      | Reached XP level 3. HP: 24/24 MP: 3/3
  1124 | D:2      | Found a shimmering altar of Xom.
  1341 | D:2      | Reached XP level 4. HP: 28/29 MP: 4/4
  1771 | D:3      | Reached skill level 1 in Dodging
  1828 | D:3      | Reached skill level 3 in Maces & Flails
  1872 | D:3      | Found a glowing drain.
  1884 | Sewer    | Entered a sewer
  2054 | Sewer    | Reached XP level 5. HP: 32/33 MP: 5/5
  2103 | Sewer    | Noticed a crocodile
  2112 | Sewer    | Killed a crocodile
  2233 | D:3      | Found a faded altar of an unknown god.
  2529 | D:3      | Reached XP level 6. HP: 36/39 MP: 6/6
  2536 | D:3      | Found an ornate altar of the Wu Jian Council.
  2961 | D:4      | Noticed an orc warrior
  2982 | D:4      | Killed an orc warrior
  2982 | D:4      | Reached skill level 5 in Fighting
  2982 | D:4      | Reached skill level 4 in Maces & Flails
  3164 | D:4      | Reached skill level 5 in Armour
  3164 | D:4      | Reached XP level 7. HP: 44/44 MP: 7/7
  3512 | D:4      | Found a staircase to the Ecumenical Temple.
  3669 | D:4      | Noticed Natasha
  3686 | D:4      | Killed Natasha
  3876 | D:4      | Found a blossoming altar of Fedhas.
  3931 | D:4      | Noticed Natasha
  3950 | D:4      | Killed Natasha
  4236 | Temple   | Entered the Ecumenical Temple
  4476 | Temple   | Became a worshipper of Ashenzari the Shackled
  4530 | D:5      | Entered Level 5 of the Dungeon
  4543 | D:5      | Found a hazy altar of Hepliaklqana.
  4739 | D:5      | Reached XP level 8. HP: 46/51 MP: 8/8
  4767 | D:5      | Reached skill level 5 in Maces & Flails
  5012 | D:5      | Noticed Sigmund
  5030 | D:5      | Killed Sigmund
  5213 | D:5      | Reached skill level 5 in Shields
  5415 | D:6      | Found a runed translucent door.
  5509 | D:6      | Noticed Borgoz's ghost (novice GrFi)
  5523 | D:6      | Reached * piety under Ashenzari
  5529 | D:6      | Reached skill level 6 in Maces & Flails
  5529 | D:6      | Reached XP level 9. HP: 57/57 MP: 9/9
  5986 | D:7      | Noticed Menkaure
  5993 | D:7      | Killed Menkaure
  6194 | D:7      | Found a stormy altar of Qazlal.
  6623 | D:7      | Found a roughly hewn altar of Beogh.
  6623 | D:7      | Found a transporter.
  6723 | D:7      | Found a transporter.
  6729 | D:7      | Noticed a troll
  6846 | D:8      | Reached skill level 7 in Maces & Flails
  7036 | D:8      | Found a staircase to the Lair.
  7065 | D:8      | Noticed a queen bee
  7091 | D:8      | Reached XP level 10. HP: 65/65 MP: 10/10
  7191 | D:8      | Reached skill level 8 in Maces & Flails
  7226 | D:8      | Noticed a two-headed ogre
  7871 | D:8      | Found a radiant altar of Vehumet.
  7871 | D:8      | Found a shadowy altar of Dithmenos.
  7875 | D:8      | Reached ** piety under Ashenzari
  7876 | D:8      | Found a faded altar of an unknown god.
  7887 | D:8      | Found a bloodstained altar of Trog.
  7889 | D:8      | Found a snail-covered altar of Cheibriados.
  8202 | D:8      | Got the uncursed cloak of Kuuttu {rCorr}
  8208 | D:8      | Identified the +2 cloak of Kuuttu {rCorr} (You found it on
                  | level 8 of the Dungeon)
  8234 | D:8      | Killed a two-headed ogre
  8234 | D:8      | Reached skill level 9 in Maces & Flails
  8234 | D:8      | Reached skill level 5 in Dodging
  8644 | D:10     | Entered Level 10 of the Dungeon
  9270 | D:9      | Reached XP level 11. HP: 56/71 MP: 11/11
  9380 | D:9      | Noticed a wizard
  9396 | D:9      | Killed a wizard
  9703 | D:9      | Found a staircase to the Orcish Mines.
  9846 | D:9      | Noticed Psyche
  9855 | D:9      | Killed Psyche
  9855 | D:9      | Reached skill level 10 in Maces & Flails
 10035 | D:6      | Killed Borgoz's ghost
 10847 | Lair:1   | Entered Level 1 of the Lair of Beasts
 10847 | Lair:1   | Found a transporter.
 10847 | Lair:1   | Noticed an eight-headed hydra
 10864 | D:8      | Killed an eight-headed hydra
 10864 | D:8      | Reached skill level 10 in Fighting
 10864 | D:8      | Reached skill level 10 in Armour
 11026 | Lair:1   | Noticed pk666's ghost (journeyman DEWz)
 11350 | Lair:1   | Found a transporter.
 11463 | Lair:1   | Noticed an oklob plant
 11520 | Lair:1   | Noticed a five-headed hydra
 11531 | Lair:1   | Killed a five-headed hydra
 11924 | Lair:1   | Noticed an oklob plant
 11924 | Lair:1   | Noticed an oklob plant
 12374 | Lair:2   | Reached skill level 11 in Maces & Flails
 12402 | Lair:2   | Reached XP level 12. HP: 8/78 MP: 12/12
 13624 | Lair:3   | Found a staircase to the Snake Pit.
 13936 | Lair:3   | Found a staircase to the Shoals.
 13965 | Lair:3   | Reached skill level 12 in Maces & Flails
 14037 | Lair:3   | Reached *** piety under Ashenzari
 14760 | Lair:4   | Reached XP level 13. HP: 84/84 MP: 13/13
 15205 | Lair:4   | Found a transporter.
 15209 | Lair:4   | Identified the +10 spear "Amecets" {flame, Dex+3}
 15209 | Lair:4   | Noticed EnegeticOcto's ghost (journeyman OgEE)
 15214 | Lair:4   | Found a bloodstained altar of Trog.
 15341 | Lair:4   | Found a transporter.
 15505 | Lair:5   | Found a staircase to the Slime Pits.
 15874 | Lair:5   | Noticed Rupert
 15918 | Lair:5   | Killed Rupert
 15918 | Lair:5   | Reached skill level 13 in Maces & Flails
 16246 | Lair:6   | Entered Level 6 of the Lair of Beasts
 17181 | Lair:6   | HP: 2/87 [catoblepas (18)]
 17182 | Lair:6   | Mangled by a catoblepas

Levels and vault maps discovered:
D:1:      mrwooster_arrival_statue_3, layout_loops_ring, minmay_pentomino_r2
D:2:      layout_loops_corners, lemuel_crystal_altar
D:3:      layout_loops_ring, marbit_many_paths, portal_sewer_entry_e,
          chequers_ecumenical_altar_twisty, kennysheep_generic_room_7
D:4:      layout_basic, minmay_temple_entry_purple_smoke, serial_forest,
          infiniplex_forest_straight_3, infiniplex_forest_pool,
          infiniplex_forest_corner_2, infiniplex_forest_lined_room_2,
          infiniplex_forest_join, infiniplex_forest_clump_tiny,
          infiniplex_forest_end_2, hex_large, fedhas_altar_1, uniq_natasha
D:5:      layout_basic, old_standard_altar, first_ration,
          chequers_decorated_corner, patterned_corridor, uniq_sigmund
D:6:      layout_gridville, hellmonk_ghost_happy_afterlife, serial_undead,
          serial_undead_f, serial_undead_e, serial_undead_a, serial_undead_c
D:7:      gammafunk_beogh_shrine, layout_cave_pods, grunt_qazlal_clouds,
          uniq_menkaure
D:8:      layout_basic, chequers_temple_overflow_minitemple,
          grunt_lair_entry_orc_guard_hut, st_stairs_5, david_nohive_1
D:9:      layout_rooms, erik_orc_3, wad_mini_maze, uniq_psyche
D:10:     minmay_imperfect_grid, layout_stronghold, serial_ice, serial_ice_n,
          serial_ice_f, serial_ice_o, serial_ice_e, serial_shops, shop,
          bloody_makhleb
Temple:   dpeg_chambers_temple
Lair:1:   dpeg_oklob_gauntlet, layout_misc_corridors, gammafunk_ghost_arena,
          lemuel_fruit_tree
Lair:2:   layout_hall_layers, nicolae_quartered_pool_super
Lair:3:   layout_concentric_octagons, elwin_shoals_entry_stream,
          minmay_snake_entry_guardpost_medium
Lair:4:   layout_long_grid, gammafunk_ghost_wrathful_warriors,
          grunt_megastairs_2
Lair:5:   layout_long_grid, minmay_slime_entry_pillars,
          chequers_serial_rivers_small_b, serial_bayou_shore_b,
          minmay_lair_oklob_chamber, uniq_rupert
Lair:6:   grunt_lair_end_beastmaster, layout_cave_pods,
          gammafunk_ghost_cemetery, grunt_megastairs_5

Skill      XL: |  1  2  3  4  5  6  7  8  9 10 11 12 13 |
---------------+----------------------------------------+-----
Fighting       | 4 5 7 8 9 10 11 12 | 12.3
Dodging        | 1 2 3 4 5 6 7 8 |  8.4
Maces & Flails | 3 4 6 7 9 11 12 13 | 13.8
Armour         | 4 5 6 8 9 10 11 12 | 12.4
Shields        | 4 5 |  5.0

Action                   |  1- 3 |  4- 6 |  7- 9 | 10-12 | 13-15 || total
-------------------------+-------+-------+-------+-------+-------++-------
Melee: Flail             |   137 |   328 |    45 |       |       ||   510
       Mace              |       |       |   402 |   730 |       ||  1132
       Morningstar       |       |       |       |   219 |   319 ||   538
Invok: Curse Item        |       |       |       |     2 |       ||     2
Evoke: Wand              |       |       |       |    19 |     1 ||    20
  Use: Potion            |       |     3 |     5 |     7 |     4 ||    19
       Scroll            |       |     2 |     7 |     6 |       ||    15
 Stab: Petrified         |       |       |       |       |     1 ||     1
  Eat: Chunk             |     1 |     7 |    13 |    23 |     8 ||    52
       Ration            |       |       |     2 |     2 |       ||     4
Armor: Scale mail        |    77 |   119 |     3 |       |       ||   199
       Skin              |       |    14 |    55 |    27 |       ||    96
       Plate armour      |       |       |   287 |   607 |   213 ||  1107
Dodge: Dodged            |    36 |    72 |   136 |   265 |   124 ||   633
Block: Shield            |    71 |   101 |   264 |   479 |   147 ||  1062

Table legend:
 A = Non-vault XP
 B = Vault XP
 C = Vault XP percentage of total XP
 D = Non-vault monster count
 E = Vault monster count
 F = Vault count percentage of total count
                 A         B        C        D         E       F
            +---------+---------+-------+---------+---------+-------
      Total |   33844 |   17977 |  34.7 |     253 |     122 |  32.5
            +---------+---------+-------+---------+---------+-------
        D:1 |      35 |       1 |   2.8 |      20 |       1 |   4.8
        D:2 |      53 |       0 |   0.0 |      10 |       0 |   0.0
        D:3 |     126 |      56 |  30.8 |      22 |      12 |  35.3
        D:4 |     502 |      35 |   6.5 |      23 |       1 |   4.2
        D:5 |     767 |     205 |  21.1 |      26 |       1 |   3.7
        D:6 |     750 |     712 |  48.7 |      12 |      10 |  45.5
        D:7 |     689 |     922 |  57.2 |      18 |      14 |  43.8
        D:8 |    3060 |    1946 |  38.9 |      15 |      22 |  59.5
        D:9 |    2011 |    1771 |  46.8 |      14 |      19 |  57.6
       D:10 |       0 |      98 | 100.0 |       0 |       6 | 100.0
     Lair:1 |    3474 |       0 |   0.0 |      13 |       0 |   0.0
     Lair:2 |    2826 |       0 |   0.0 |      17 |       0 |   0.0
     Lair:3 |    6672 |    1982 |  22.9 |      29 |       7 |  19.4
     Lair:4 |    4387 |     199 |   4.3 |      18 |       1 |   5.3
     Lair:5 |    8222 |    4757 |  36.7 |      15 |       9 |  37.5
     Lair:6 |     270 |    5179 |  95.0 |       1 |      13 |  92.9
      Sewer |       0 |     114 | 100.0 |       0 |       6 | 100.0
            +---------+---------+-------+---------+---------+-------
